Map: Golden Wall LE

Players

prospeKt - Winner!

  • Race: Zerg Zerg
  • League: Platinum
  • Spawn Location: 5:00

VOD

Have the link to the VOD?

Description

Time

  • Played on: June 2, 2020, 4:13 a.m.
  • Length: 20:47
Show
View Real Time Build Order
Export as new Build Order

prospeKt Zerg - Winner!

Build Orders:  

Get SALT Encoding   

  12  0:01  Drone  
  13  0:17  Overlord  
  13  0:29  Drone  
  14  0:43  Drone x2  
  14  0:49  Drone  
  17  1:16  Hatchery  
  17  1:19  Drone  
  17  1:23  Drone  
  18  1:39  Drone  
  19  1:47  Spawning Pool  
  18  1:51  Drone  
  18  1:57  Extractor  
  18  2:09  Drone  
  19  2:20  Drone  
  20  2:34  Overlord  
  20  2:49  Drone  
  21  2:56  Queen  
  21  2:57  Queen  
  21  2:58  Drone  
  26  3:06  Drone  
  27  3:14  Drone  
  27  3:19  Overlord  
  28  3:31  Drone  
  28  3:36  Drone  
  30  3:44  Overlord  
  30  3:48  Drone  
  31  4:02  Drone  
  31  4:07  Queen  
  34  4:11  Drone  
  35  4:23  Drone x2  
  35  4:29  Lair  
  37  4:36  Drone x2  
  39  4:45  Drone x2  
  39  4:46  Drone x2  
  39  4:48  Drone  
  39  4:49  Hatchery  
  43  4:50  Drone  
  43  4:53  Drone  
  43  4:56  Drone  
  46  5:07  Drone  
  47  5:14  Extractor  
  47  5:17  Extractor  
  45  5:22  Roach Warren  
  45  5:24  Evolution Chamber  
  45  5:25  Overlord  
  45  5:28  Drone x4  
  47  5:35  Drone x3  
  50  5:50  Overlord  
  50  5:53  Drone  
  50  5:54  Drone  
  52  6:17  Roach x3  
  58  6:21  Roach x4  
  58  6:23  Roach  
  68  6:35  Overlord x2  
  68  6:37  Roach x2  
  72  6:43  Queen  
  74  6:54  Zerg Missile Weapons Level 1  
  74  6:56  Glial Reconstitution  
  74  7:11  Drone x2  
  74  7:12  Drone x8  
  74  7:15  Overlord  
  84  7:29  Drone  
  46  7:30  Drone x2  
  85  7:31  Overlord  
  85  7:38  Drone, Extractor  
  87  7:40  Extractor  
  86  7:55  Drone  
  86  7:56  Drone x6  
  93  8:00  Drone  
  94  8:19  Overlord x2  
  94  8:21  Drone x3  
  97  8:40  Drone x7  
  97  8:49  Hatchery  
  103  8:59  Overlord  
  103  9:00  Overlord  
  103  9:02  Drone x2  
  105  9:11  Hydralisk Den  
  105  9:16  Evolution Chamber  
  103  9:24  Drone x5  
  103  9:25  Drone x4  
  112  10:05  Hydralisk x8  
  112  10:06  Extractor  
  127  10:17  Hydralisk  
  129  10:26  Extractor  
  128  11:00  Hydralisk x8  
  128  11:04  Overlord x4  
  144  11:13  Zerg Missile Weapons Level 2  
  144  11:14  Zerg Ground Armor Level 1  
  144  11:32  Hydralisk x11  
  166  11:53  Drone x2  
  168  12:04  Hatchery  
  167  12:14  Drone  
  168  12:20  Hydralisk x4  
  168  12:22  Overlord x3  
  168  12:23  Overlord  
  176  12:51  Unknown  
  176  13:10  Hydralisk x8  
  176  13:11  Hydralisk x4  
  200  13:36  Infestation Pit  
  199  13:43  Hatchery  
  199  13:48  Drone  
  199  13:49  Drone  
  200  13:51  Hatchery  
  200  13:55  Hatchery  
  198  14:10  Hydralisk  
  200  14:27  Extractor  
  199  14:33  Extractor  
  178  15:09  Hydralisk x3  
  92  15:10  Hydralisk x8  
  200  15:22  Zerg Ground Armor Level 2  
  200  15:29  Hatchery  
  197  15:38  Unknown  
  195  15:51  Drone  
  195  15:55  Drone x2  
  195  15:57  Hive  
  196  16:33  Hydralisk x2  
  200  17:12  Hatchery  
  199  17:23  Hatchery  
  198  17:49  Pneumatized Carapace  
  198  19:13  Drone x2  
  198  19:17  Extractor  
Tags
 
Add a new tag
Caveats
  • Supply blocks, unpowered buildings, or Contaminate may cause inaccurate times.
  • Supply counts are checked every 10 seconds.